AoeStats
← matt

Arabia

505610126Analyzed
1v1 RM · 23d ago on Sep 10, 2026· 38m 13s· 2 players
Game mode
Random Map
Map size
Tiny (2 player)
Population
200
Speed
Normal
Resources
Standard
Victory
Conquest
Starting age
Dark Age
Ending age
Imperial Age
RankedLock teamsTeams togetherTeam positionsShared explorationLock speedFull tech treeHidden civsTurbo modeCheats
Victory
Defeat
🇨🇱 Franks · Chile
312
+14
🇳🇿 Vietnamese · New Zealand
263
-14
matt
9:58 Loom
20:08 Feudal Age
20:59 Town Watch
21:50 Wheelbarrow
22:02 Wheelbarrow
21:13 Town Watch
23:58 Fletching
24:11 Padded Archer Armor
27:14 Castle Age
26:50 Stone Mining
26:56 Gold Mining
27:44 Bloodlines
29:09 Hand Cart
28:25 Elite Skirmisher
29:56 Stone Shaft Mining
29:32 Bodkin Arrow
31:22 Husbandry
30:45 Light Cavalry
33:27 Horse Collar
34:09 Heavy Plow
34:38 Leather Archer Armor
35:03 Thumb Ring
36:38 Town Patrol
LuaRRecK07
7:02 Loom
10:34 Feudal Age
12:03 Wheelbarrow
11:26 Double-Bit Axe
20:52 Castle Age
25:38 Hand Cart
25:41 Bow Saw
25:35 Gold Mining
26:03 Crossbowman
26:49 Padded Archer Armor
31:02 Gold Shaft Mining
30:21 Stone Mining
40:10 Imperial Age
Connection lost

Rejoining the realm…

Still unreachable

The connection could not be restored.

Session expired

The server has moved on; the page needs a fresh start.